 Dungeon Crawl Stone Soup version 0.18-a0-998-gcb3fcb1 (webtiles) character file.

378 esc the Insei (level 6, 0/42 HPs)
             Began as an Octopode Transmuter on Jan 5, 2016.
             Slain by a phantom (6 damage)
             ... on level 4 of the Dungeon.
             The game lasted 00:11:28 (3826 turns).

esc the Insei (Octopode Transmuter)                 Turns: 3826, Time: 00:11:28

Health: 0/42       AC:  2    Str:  9    XL:     6   Next: 74%
Magic:  3/10       EV: 21    Int: 18    God:
Gold:   155        SH:  0    Dex: 17    Spells: 2 memorised, 7 levels left

rFire  . . .     SeeInvis .       - Unarmed
rCold  . . .     Gourm    .     (shield currently unavailable)
rNeg   . . .     Faith    .     (helmet currently unavailable)
rPois  x         Spirit   .     (no amulet)
rElec  .         Dismiss  .     (no ring)
rCorr  .         Reflect  .     (no ring)
SustAt .         Harm     .     (no ring)
MR     .....                    (no ring)
Stlth  ++........               (no ring)
                                (no ring)
                                (no ring)
                                (no ring)

@: spider-form (expiring), very slightly contaminated, not resistant to hostile
enchantments, unstealthy
A: almost no armour, amphibious, 8 rings, (constrict 8), (camouflage 0),
(gelatinous body 0)
a: End Transformation


You were on level 4 of the Dungeon.
You were hungry.
You were a venomous arachnid creature.
You visited 1 branch of the dungeon, and saw 4 of its levels.

You collected 155 gold pieces.

Inventory:

Missiles
 a - 64 arrows
Potions
 e - a potion of flight
 h - a potion of brilliance
 i - 2 potions of curing
 j - a potion of berserk rage {!q}
Books
 b - a book of Changes
Comestibles
 c - 3 bread rations {@e1}
 d - 2 meat rations {@e2}
 f - 3 fruits
 g - a chunk of flesh {@w0}


   Skills:
 + Level 3.2 Fighting
 + Level 3.2 Dodging
 + Level 4.2 Unarmed Combat
 + Level 3.1 Spellcasting
 + Level 3.7 Transmutations


You had 7 spell levels left.
You knew the following spells:

 Your Spells              Type           Power        Failure   Level  Hunger
a - Beastly Appendage     Trmt           ###...       14%         1    None
c - Spider Form           Trmt/Pois      #.........   45%         3    ###....


Dungeon Overview and Level Annotations

Branches:
Dungeon (4/15)
 Temple: D:4-7

Altars:
Elyvilon
Kikubaaqudgha
Ru
Sif Muna
Trog
Xom
Zin
The Shining One


Innate Abilities, Weirdness & Mutations

You cannot wear most types of armour.
You are amphibious.
You can wear up to eight rings at the same time.
((You can use your tentacles to constrict eight enemies at once.))
((Your skin changes colour to match your surroundings (Stealth).))
((Your rubbery body absorbs attacks (AC +1).))


Message History

There is a stone staircase leading down here.
Health restored: 42 You climb downwards.
An adder skeleton comes into view.
There is a stone staircase leading up here.
An adder skeleton is nearby!
The helpless adder skeleton fails to defend itself.
You bludgeon the adder skeleton! Your grab misses the adder skeleton.
The adder skeleton closely misses you.
You barely miss the adder skeleton. You grab the adder skeleton.
You constrict the adder skeleton. The adder skeleton closely misses you.
You bludgeon the adder skeleton!
You destroy the adder skeleton!
No target in view!
A ball python comes into view.
Some of the chunks of flesh in your inventory have rotted away.
You tentacle-slap the ball python. You grab the ball python.
You constrict the ball python.
You kill the ball python!
No target in view!
No target in view!
k - a scroll of identify Read which item? (? for menu, Esc to quit)
Identify which item? (\ to view known items) (? for menu, Esc to quit)
As you read the scroll of identify, it crumbles to dust.
j - a potion of berserk rage You open the door.
A phantom comes into view.
You turn into a venomous arachnid creature.
You now have 7/10 mp.
There is an open door here.
Your transformation is almost over.
You barely miss the phantom. The phantom hits you.
You take 2 damage, and have 40/42 hp.
You hit the phantom but do no damage. The phantom hits you.
You take 6 damage, and have 34/42 hp.
You hit the phantom. The phantom hits you!
The phantom blinks!
You take 10 damage, and have 24/42 hp.
MASSIVE DAMAGE!!
You hit the phantom but do no damage.
The phantom blinks!
Your transformation has ended.
You barely miss the phantom. The phantom barely misses you.
You tentacle-slap the phantom but do no damage.
The phantom hits you.
You take 3 damage, and have 22/42 hp.
You tentacle-slap the phantom.
The phantom blinks!
You turn into a venomous arachnid creature.
You are feeling hungry.
You now have 5/10 mp.
You hit the phantom but do no damage.
The phantom blinks!
Your transformation is almost over.
The phantom blinks!
The phantom blinks!
You hit the phantom. The phantom closely misses you.
You barely miss the phantom. The phantom completely misses you.
You hit the phantom but do no damage. You hit the phantom.
Your transformation has ended.
The phantom barely misses you.
You tentacle-slap the phantom but do no damage.
Your squeeze misses the phantom. The phantom barely misses you.
You tentacle-slap the phantom but do no damage.
The phantom barely misses you.
You tentacle-slap the phantom. The phantom barely misses you.
You tentacle-slap the phantom but do no damage.
The phantom barely misses you.
You tentacle-slap the phantom. The phantom hits you.
You take 1 damage, and have 24/42 hp.
You tentacle-slap the phantom but do no damage.
Your squeeze misses the phantom. The phantom barely misses you.
You tentacle-slap the phantom. You squeeze the phantom! The phantom hits you.
You take 5 damage, and have 19/42 hp.
You barely miss the phantom. The phantom hits you.
You take 4 damage, and have 15/42 hp.
You tentacle-slap the phantom but do no damage.
The phantom hits you.
* * * LOW HITPOINT WARNING * * *
You take 5 damage, and have 10/42 hp.
You miscast Spider Form.
You are very lightly contaminated with residual magic.
You feel faint for a moment. The phantom hits you.
* * * LOW HITPOINT WARNING * * *
The phantom blinks!
You take 2 damage, and have 8/42 hp.
You now have 5/10 mp.
You turn into a venomous arachnid creature.
You now have 2/10 mp.
You hit the phantom. The phantom hits you.
* * * LOW HITPOINT WARNING * * *
You take 4 damage, and have 5/42 hp.
You hit the phantom but do no damage. The phantom misses you.
You barely miss the phantom.
The phantom blinks!
Found a stone staircase leading up.
You closely miss the phantom. The phantom closely misses you.
You hit the phantom but do no damage.
Your transformation is almost over.
The phantom barely misses you.
You hit the phantom. The phantom closely misses you.
You hit the phantom. The phantom misses you.
You hit the phantom but do no damage. The phantom hits you.
You die...

#.....#...#
#?...###..#
....###..# ...###.#
####.....############
#(.......#...........
#........#...........
#..Ws....#...........
#........'...........
#..####.###...#..##..
#.. #+# #+#########
... .... #... #<..


You could see a phantom.

Vanquished Creatures
  A centaur zombie (D:3)
  A hound (D:3)
  An orc priest (D:3)
  3 orc wizards
  6 adders
  3 gnolls (D:3)
  2 oozes
  2 adder skeletons
  3 worms
  2 giant geckos
  6 orcs (D:3)
  2 ball pythons
  9 bats
  5 giant cockroaches
  10 goblins
  10 hobgoblins
  5 jackals
  7 kobolds
  5 quokkas
  3 giant newts
  10 rats
96 creatures vanquished.

Notes
Turn   | Place    | Note
--------------------------------------------------------------
     0 | D:1      | esc the Octopode Transmuter began the quest for the Orb.
     0 | D:1      | Reached XP level 1. HP: 13/13 MP: 3/3
   411 | D:1      | Reached XP level 2. HP: 13/18 MP: 5/5
   885 | D:1      | Reached XP level 3. HP: 17/24 MP: 6/6
  1184 | D:2      | Found a sacrificial altar of Ru.
  1194 | D:2      | Reached skill level 2 in Fighting
  1204 | D:2      | Reached XP level 4. HP: 25/29 MP: 5/7
  1228 | D:2      | Learned a level 3 spell: Spider Form
  1256 | D:2      | Found a sacrificial altar of Ru.
  1639 | D:2      | Found a shimmering altar of Xom.
  1862 | D:2      | HP: 7/30 [poisoned by an adder]
  1863 | D:2      | HP: 2/30 [adder (5)]
  1865 | D:2      | Reached XP level 5. HP: 11/35 MP: 8/8
  2158 | D:3      | Reached skill level 3 in Transmutations
  2653 | D:3      | Found a bloodstained altar of Trog.
  2693 | D:3      | Reached skill level 4 in Unarmed Combat
  2697 | D:3      | Reached XP level 6. HP: 34/41 MP: 5/10
  2805 | D:3      | Found a glowing silver altar of Zin.
  2888 | D:3      | Found a glowing golden altar of the Shining One.
  2943 | D:3      | Reached skill level 3 in Fighting
  2943 | D:3      | Reached skill level 3 in Dodging
  2943 | D:3      | Reached skill level 3 in Spellcasting
  3091 | D:3      | Found an ancient bone altar of Kikubaaqudgha.
  3316 | D:3      | Found a white marble altar of Elyvilon.
  3457 | D:3      | Found a deep blue altar of Sif Muna.
  3777 | D:4      | Noticed a phantom
  3813 | D:4      | HP: 10/42 [phantom (5)]
  3818 | D:4      | HP: 5/42 [phantom (4)]
  3826 | D:4      | Slain by a phantom

Vault maps used:
D:1:      minmay_arrival_wavy_path, st_stairs_8
D:2:      xom_teletrap_fun, overflow_temple_1_default, first_bread,
          nicolae_ru_great_annihilating_truth
D:3:      nicolae_overflow_hidden_temple, old_standard_altar,
          nicolae_overflow_crystal_walls, old_standard_altar, bloody_trog,
          lemuel_round_altar
D:4:      cheibrodos_ashenzari_chains

Action                   |  1- 3 |  4- 6 || total
-------------------------+-------+-------++-------
Melee: Unarmed           |    59 |   220 ||   279
 Cast: Beastly Appendage |     5 |    11 ||    16
       Spider Form       |       |     9 ||     9
  Use: Scroll            |     1 |     7 ||     8
       Potion            |       |     1 ||     1
 Stab: Sleeping          |     3 |     7 ||    10
       Distracted        |     1 |       ||     1
       Paralysed         |     3 |       ||     3
       Invisible         |     1 |       ||     1
  Eat: Chunk             |     1 |     7 ||     8
       Fruit             |       |     2 ||     2

Vault maps used:
D:1:      minmay_arrival_wavy_path, st_stairs_8
D:2:      xom_teletrap_fun, overflow_temple_1_default, first_bread,
          nicolae_ru_great_annihilating_truth
D:3:      nicolae_overflow_hidden_temple, old_standard_altar,
          nicolae_overflow_crystal_walls, old_standard_altar, bloody_trog,
          lemuel_round_altar
D:4:      cheibrodos_ashenzari_chains

Table legend:
 A = Turns spent in this place as a percentage of turns spent in the entire game.
 B = Non-inter-level travel turns spent in this place as a percentage of non-inter-level travel turns spent in the entire game.
 C = Inter-level travel turns spent in this place as a percentage of turns spent in this place.
 D = Turns resting spent in this place as a percentage of non-inter-level travel turns spent in this place.
 E = Turns spent auto-exploring this place as a percentage of non-inter-level travel turns spent in this place.
 F = Non-inter-level travel turns spent in this place divided by the number of levels of this place that you've seen.
                   A       B       C       D       E      F
               +-------+-------+-------+-------+-------+----------------------
         Total | 100.0 | 100.0 |   0.5 |   4.6 |   8.2 | 237.5
       Dungeon | 100.0 | 100.0 |   0.5 |   4.6 |   8.2 | 237.5
               +-------+-------+-------+-------+-------+----------------------

Table legend:
 A = Kills in this place as a percentage of kills in entire the game.
 B = Kills by you in this place as a percentage of kills by you in the entire game.
 C = Kills by friends in this place as a percentage of kills by friends in the entire game.
 D = Other kills in this place as a percentage of other kills in the entire game.
 E = Experience gained in this place as a percentage of experience gained in the entire game.
 F = Experience gained in this place divided by the number of levels of this place that you have seen.
                   A       B       C       D       E      F
               +-------+-------+-------+-------+-------+----------------------
         Total | 100.0 | 100.0 |  -nan |  -nan | 100.0 | 135.0
       Dungeon | 100.0 | 100.0 |  -nan |  -nan | 100.0 | 135.0
               +-------+-------+-------+-------+-------+----------------------
